 Dungeon Crawl Stone Soup version 0.30.1-11-g7821555f0a (webtiles) character file.

Game seed: 2523188344467972604

2038 Glitchless the Cudgeller (level 9, 0/130 (132) HPs)
             Began as a Troll Berserker on Dec 9, 2023.
             Was an Elder of Trog.
             Slain by Joseph
             ... wielding a +3 heavy quarterstaff
              (17 damage)
             ... on level 7 of the Dungeon.
             The game lasted 00:12:14 (4640 turns).

Glitchless the Cudgeller (Troll Berserker)          Turns: 4640, Time: 00:12:15

HP:   0/130 (132)   AC:  6    Str: 37    XL:     9   Next: 4%
MP:   8/8           EV: 11    Int:  3    God:    Trog [****..]
Gold: 283           SH:  0    Dex:  9    Spells: 8/8 levels left

rFire   . . .        g - +2 mace (venom)
rCold   . . .        (no shield)
rNeg    . . .        b - +1 animal skin
rPois   .            (helmet restricted)
rElec   .            n - +0 cloak
rCorr   .            (gloves unavailable)
SInv    .            (boots unavailable)
Will    ++...        (no amulet) Stlth
                     i - +6 ring of strength
HPRegen 2.21/turn    r - ring of flight
MPRegen 0.11/turn

%: no passive effects
@: berserking, strong-willed, flying, regenerating, lightly drained, very quick
A: large, unfitting armour, claws 3, regeneration 1, shaggy fur 1, tough skin 1
a: Renounce Religion, Berserk, Trog's Hand, Brothers in Arms


You were on level 7 of the Dungeon.
You worshipped Trog.
Trog was greatly pleased with you.
You visited 1 branch of the dungeon, and saw 7 of its levels.

You collected 415 gold pieces.
You spent 132 gold pieces at shops.

Inventory:

Hand Weapons
 g - a +2 mace of venom (weapon)
 m - the +6 falchion of Epuy {vamp, rCorr}
   (You found it on level 4 of the Dungeon)

   rCorr:     It protects you from acid and corrosion.
Missiles
 j - 8 poisoned darts (quivered)
Armour
 b - a +1 animal skin (worn)
 n - a +0 cloak (worn)
Jewellery
 i - a +6 ring of strength (left claw)
 r - a ring of flight (right claw)
Wands
 c - a wand of flame (21)
 k - a wand of acid (5)
Scrolls
 d - a scroll of fear
 l - 2 scrolls of identify
Potions
 a - 3 potions of lignification
 e - a potion of flight
 f - 5 potions of curing
 h - 3 potions of resistance
 o - a potion of brilliance {unknown}
 p - a potion of might
 q - a potion of degeneration {unknown}


   Skills:
 * Level 5.5 Fighting
 * Level 7.4 Maces & Flails
 * Level 3.1 Throwing
 * Level 5.4 Dodging


You had 8 spell levels left.
You didn't know any spells.
Your spell library contained the following spells:

 Spells                   Type           Power      Damage    Failure   Level
 Sting                    Tmut/Pois      0%         1d3       52%         1
 Ensorcelled Hibernation  Hex/Ice        0%         N/A       67%         2
 Passwall                 Tmut/Erth      0%         N/A       67%         2
 Poisonous Vapours        Pois/Air       0%         N/A       67%         2
 Swiftness                Air            0%         N/A       88%         3
 Olgreb's Toxic Radiance  Pois           0%         N/A       99%         4


Dungeon Overview and Level Annotations

Branches:
Dungeon (7/15)             Temple (0/1) D:7

Altars:
Elyvilon
Fedhas
Trog
Wu Jian
Yredelemnul

Shops:
D:6 [([*

Annotations:
D:7 1 runed translucent door, Joseph; ritesign's ghost, novice KoMo


Innate Abilities, Weirdness & Mutations

You are too large for most types of armour.
You have claws for hands.
Your natural rate of healing is unusually fast.
You are covered in fur. (AC +1)
You have tough skin. (AC +1)


Message History

The wight is heavily damaged.
The wight closely misses you.
You hit the wight.
The wight is heavily damaged.
The wight closely misses you.
You sock the wight!
You destroy the wight!
Trog accepts your kill.
Joseph shoots a sling bullet.
The sling bullet misses you.
Joseph unwields a +0 sling of freezing.
Joseph wields a +3 heavy quarterstaff.
Joseph hits you with a +3 heavy quarterstaff!
Things that are here:
a +3 mace; a +0 robe You thump Joseph!
Joseph looks as sick as possible!
Joseph is lightly wounded.
Joseph hits you with a +3 heavy quarterstaff!
You closely miss Joseph.
Joseph is moderately wounded.
You closely miss Joseph.
Joseph is moderately wounded.
Joseph hits you with a +3 heavy quarterstaff!!
You hit Joseph.
Joseph is moderately wounded.
Joseph closely misses you.
Your skin crawls.
You feel strong-willed.
You hit Joseph.
Joseph looks as sick as possible!
Joseph is heavily wounded.
Joseph hits you with a +3 heavy quarterstaff!
* * * LOW HITPOINT WARNING * * *
A red film seems to cover your vision as you go berserk!
You feel yourself moving faster!
You feel mighty!
Joseph hits you with a +3 heavy quarterstaff!!
* * * LOW HITPOINT WARNING * * *
You barely miss Joseph.
Joseph is heavily wounded.
You closely miss Joseph.
Joseph is heavily wounded.
Joseph hits you with a +3 heavy quarterstaff!
You die...

..<...#....# #....# #.#)#
#######....###########....#
#.#)#
#...........))....#.###.#.#
###################.#........
#.......... ... #.......#.#
+......... ..## #..######..
#........ ..# #..#.......
#.......♣♣♣♣♣♣♣.# #.>#.......
......$...5@@...# #..######..
....?...♣.♣♣♣.♣.# #..######..
........♣...).♣.###......)...
#.......♣.._..♣...##.........
#.......♣.)...♣.#....######..
......#.♣.♣♣♣.♣.+.....# #..
......#.... ....#.....# #.#
......#.♣♣♣♣♣♣♣.#.....# #.#
... ..#.....#####.#


You could see Joseph (extremely poisoned) and an ufetubus.

Vanquished Creatures
  4 water moccasins
  A black bear (D:7)
  2 centaurs
  A phantom (D:4)
  A kobold brigand (D:6)
  A scorpion (D:4)
  A gnoll sergeant (D:7)
  3 wights (D:7)
  A howler monkey (D:5)
  2 jellies
  4 hounds
  2 orc priests
  Jessica (D:3)
  Terence (D:3)
  7 iguanas
  6 orc wizards
  Robin (D:2)
  7 gnolls
  9 adders
  A white imp (D:6)
  2 worms
  7 dart slugs
  18 orcs
  3 ball pythons
  7 endoplasms
  5 giant cockroaches
  13 goblins
  8 hobgoblins
  5 kobolds
  2 quokkas (D:1)
  7 bats
  2 frilled lizards
  5 rats
140 creatures vanquished.

Notes
Turn   | Place    | Note
-------+----------+-------------------------------------------
     0 | D:1      | Glitchless the Troll Berserker began the quest for the Orb.
     0 | D:1      | Reached XP level 1. HP: 22/22 MP: 0/0
   145 | D:1      | Reached XP level 2. HP: 29/29 MP: 1/1
   153 | D:1      | Reached skill level 3 in Maces & Flails
   306 | D:1      | Reached ** piety under Trog
   517 | D:1      | Reached XP level 3. HP: 36/36 MP: 2/2
   731 | D:2      | Noticed Robin
   774 | D:2      | Killed Robin
  1079 | D:2      | Reached XP level 4. HP: 45/45 MP: 3/3
  1166 | D:2      | Found a faded altar of an unknown god.
  1461 | D:3      | Found a basalt altar of Yredelemnul.
  1562 | D:3      | Reached XP level 5. HP: 28/53 MP: 4/4
  1572 | D:3      | Reached skill level 4 in Maces & Flails
  1610 | D:3      | Found an ornate altar of the Wu Jian Council.
  1610 | D:3      | Found a blossoming altar of Fedhas.
  1676 | D:3      | Noticed Jessica
  1681 | D:3      | Killed Jessica
  1703 | D:3      | Reached *** piety under Trog
  1729 | D:3      | Identified the +5 sling "Daeclebb" {drain, rPois Dex+6}
  2036 | D:3      | Noticed Terence
  2037 | D:3      | Found a white marble altar of Elyvilon.
  2045 | D:3      | Killed Terence
  2046 | D:3      | Reached skill level 1 in Throwing
  2156 | D:4      | Reached XP level 6. HP: 41/61 MP: 5/5
  2156 | D:4      | Identified the +6 falchion of Epuy {vamp, rCorr}
  2548 | D:4      | Reached XP level 7. HP: 66/70 MP: 6/6
  2665 | D:5      | Entered Level 5 of the Dungeon
  2693 | D:5      | Reached skill level 5 in Maces & Flails
  3123 | D:5      | Reached XP level 8. HP: 79/79 MP: 7/7
  3156 | D:5      | Reached skill level 6 in Maces & Flails
  3658 | D:6      | Reached **** piety under Trog
  3726 | D:6      | Found Uchovat's Assorted Antiques.
  3752 | D:6      | Found Hotutral's Weapon Emporium.
  3753 | D:6      | Found Vamid's Armour Emporium.
  3754 | D:6      | Found Maxzioso's Armour Emporium.
  3757 | D:6      | Bought a scroll of identify for 44 gold pieces
  3757 | D:6      | Bought a scroll of identify for 44 gold pieces
  3757 | D:6      | Bought a scroll of identify for 44 gold pieces
  3996 | D:6      | Reached skill level 5 in Fighting
  4127 | D:7      | Reached skill level 5 in Dodging
  4197 | D:7      | Found a staircase to the Ecumenical Temple.
  4279 | D:7      | Reached skill level 7 in Maces & Flails
  4426 | D:7      | Found a runed translucent door.
  4431 | D:7      | Noticed ritesign's ghost (novice KoMo)
  4588 | D:7      | Found a bloodstained altar of Trog.
  4615 | D:7      | Reached XP level 9. HP: 76/88 MP: 8/8
  4619 | D:7      | Noticed Joseph
  4640 | D:7      | Slain by Joseph

Illustrated notes

Levels and vault maps discovered:
D:1:      lightli_arrival_maybe_door_vault, layout_basic, solitary_fountain
D:2:      layout_basic, ebering_ecumenical_altar_petrified, eino_tiny_chamber,
          uniq_robin
D:3:      layout_basic, kennysheep_ying_yang, jmf_multi_god_temple,
          kennysheep_crisscross, uniq_terence, uniq_jessica
D:4:      layout_cave_pools
D:5:      layout_basic
D:6:      layout_basic, minmay_misc_feat_secret_circle, minmay_shop_grid_forest
D:7:      layout_basic, mainiacjoe_overflow_cross_hatched,
          minmay_temple_entry_proselytizer, ebering_ghost_reflecting_pool,
          uniq_maggie, uniq_joseph

Skill      XL: |  1  2  3  4  5  6  7  8 |
---------------+-------------------------+-----
Maces & Flails | 3 4 5 7 |  7.4
Fighting       | 3 4 5 |  5.5
Dodging        | 3 4 5 |  5.4
Throwing       | 1 2 3 |  3.1

Action                     |  1- 3 |  4- 6 |  7- 9 || total
---------------------------+-------+-------+-------++-------
  Melee: Mace              |    89 |   143 |   207 ||   439
         Punch             |       |     1 |     3 ||     4
 Invoke: Berserk           |     1 |       |     3 ||     4
         Trog's Hand       |     1 |       |     2 ||     3
    Use: Scroll            |     4 |     4 |     4 ||    12
 Armour: Animal skin       |    47 |    70 |    73 ||   190
  Dodge: Dodged            |    51 |    87 |   103 ||   241
